 Dungeon Sprint DCSS version 0.30.0-19-g36f170ea60 (webtiles) character file.

Game seed: 936051440088725663

2029 Groucho the Placeless Naga (level 9, -4/90 HPs)
             Began as a Naga Warper on May 26, 2023.
             Was the Champion of Cheibriados.
             Slain by a cane toad (7 damage)
             ... while petrified by a basilisk
             ... in the Dungeon (Sprint V: "Ziggurat Sprint").
             The game lasted 00:05:42 (1438 turns).

Groucho the Placeless Naga (Naga Warper)            Turns: 1438, Time: 00:05:43

Health: -4/90      AC: 22    Str: 40    XL:     9   Next: 23%
Magic:  20/20      EV:  1    Int: 36    God:    Cheibriados [******]
Gold:   0          SH:  0    Dex: 26    Spells: 14/23 levels left

rFire   + + .        a - +7 great mace "Firestarter" {flame, immolate, rFlCloud rF++}
rCold   . . .        (shield currently unavailable)
rNeg    + + +        V - +8 orange crystal plate armour {Archmagi, Int+3 Clar}
rPois   ∞            (no helmet)
rElec   .            (no cloak)
rCorr   .            (no gloves)
SInv    +            (no barding)
Will    +....        R - amulet of Vitality {RegenMP++ Regen++} Stlth
                     p - +6 ring of strength
HPRegen 1.95/turn    q - +6 ring of strength
MPRegen 0.97/turn

%: no teleportation, clarity, archmagi
@: petrified, very slow
A: AC +3, large, see invisible, deformed body, poison resistance, slowness 2,
spit poison 1, naga tail 1
a: Spit Poison, Renounce Religion, Bend Time, Temporal Distortion, Slouch, Step
From Time


You were in the Dungeon.
You worshipped Cheibriados.
Cheibriados was exalted by your worship.
You visited 1 branch

Inventory:

Hand Weapons
 a - the +7 great mace "Firestarter" (weapon) {flame, immolate, rFlCloud rF++}
   (You found it in the Dungeon)

   rFlCloud:  It grants immunity to clouds of flame.
   rF:        It greatly protects you from fire.
 b - the +6 Majin-Bo {spellvamp, MP+6 Int+6}
   (You found it in the Dungeon)

   Int:       It affects your intelligence (+6).
   MP:        It affects your magic capacity (+6).
 D - the +10 dark maul {heavy}
   (You found it in the Dungeon)
 E - the +27 heavy crossbow "Sniper" {heavy, Acc+∞ SInv}
   (You found it in the Dungeon)

   Acc+∞: It never misses its target.
   SInv:      It lets you see invisible.
 F - the +16 obsidian axe {drain, demonic, Mesm Drain Fly SInv}
   (You found it in the Dungeon)

   Mesm:      Its wielder is mesmerised by any visible foes, and it cannot be
   unequipped while any foes are visible.
   SInv:      It lets you see invisible.
   Fly:       It grants you flight.
   Drain:     It drains your maximum health when unequipped.
 I - the +11 Singing Sword {sonic wave}
   (You found it in the Dungeon)
 J - the +8 lance "Wyrmbane" {slay drac, rPois rF+ rC+ AC+3}
   (You found it in the Dungeon)

   AC:        It affects your AC (+3).
   rF:        It protects you from fire.
   rC:        It protects you from cold.
   rPois:     It protects you from poison.
 K - the +11 plutonium sword {Contam Stlth-}
   (You found it in the Dungeon)

   Contam:    It causes magical contamination when unequipped.
   Stlth:     It makes you less stealthy.
 L - the +13 scythe of Curses {drain, curses, Drain}
   (You found it in the Dungeon)

   Drain:     It drains your maximum health when unequipped.
 M - the +6 shillelagh "Devastator" {shatter}
   (You found it in the Dungeon)
 N - the +8 storm bow {elec, penet}
   (You found it in the Dungeon)
 O - the +9 sword of Power {lifebolt}
   (You found it in the Dungeon)
 P - the +9 sword of Zonguldrok {reap}
   (You found it in the Dungeon)
 T - the +2 Maxwell's thermic engine {flame, freeze, rev}
   (You found it in the Dungeon)
 W - the +12 pair of quick blades "Gyre" and "Gimble" {protect}
   (You found it in the Dungeon)
Missiles
 d - 7 boomerangs of dispersal (quivered)
Armour
 y - +5 gold dragon scales
 G - the +15 Maxwell's patent armour {-Cast -Tele rElec Will+ rCorr}
   (You found it in the Dungeon)

   rElec:     It insulates you from electricity.
   -Cast:     It prevents spellcasting.
   -Tele:     It prevents most forms of teleportation.
   rCorr:     It protects you from acid and corrosion.
   Will:      It increases your willpower.
 H - the +18 shield of the Gong {Loud rN+ Will+ rCorr EV-5}
   (You found it in the Dungeon)

   Loud:      It is deafeningly noisy when blocking attacks.
   EV:        It affects your evasion (-5).
   rN:        It protects you from negative energy.
   rCorr:     It protects you from acid and corrosion.
   Will:      It increases your willpower.
 V - the +8 orange crystal plate armour (worn) {Archmagi, Int+3 Clar}
   (You found it in the Dungeon)

   Int:       It affects your intelligence (+3).
   Clar:      It protects you from confusion, rage, mesmerisation and fear.
Jewellery
 k - a ring of flight
 l - a +6 ring of dexterity
 m - a +6 ring of dexterity
 n - a +6 ring of intelligence
 o - a +6 ring of intelligence
 p - a +6 ring of strength (left hand)
 q - a +6 ring of strength (right hand)
 Q - a ring of wizardry
 R - the amulet of Vitality (around neck) {RegenMP++ Regen++}
   (You found it in the Dungeon)

   [amulet of magic regeneration]

   It increases your rate of magic regeneration.
   Regen:     It increases your rate of health regeneration.
 S - a ring of willpower
 X - the ring "Mifeg" {rC+ Will+}
   (You found it in the Dungeon)

   [ring of protection from cold]

   rC:        It protects you from cold.
   Will:      It increases your willpower.
Wands
 j - a wand of roots (19)
 r - a wand of mindburst (7)
 s - a wand of light (7)
 U - a wand of flame (11)
Scrolls
 c - 5 scrolls of blinking
 t - 4 scrolls of amnesia
 u - 7 scrolls of fog
 v - 5 scrolls of identify
 w - 2 scrolls of fear
Potions
 e - 10 potions of curing
 f - 9 potions of heal wounds
 g - 6 potions of haste
 h - 7 potions of magic
 i - 3 potions of berserk rage
 x - 2 potions of brilliance
 z - 2 potions of invisibility
 A - 4 potions of resistance
 B - a potion of experience
 C - 5 potions of might


   Skills:
 + Level 8.4 Fighting
 + Level 8.3 Maces & Flails
 - Level 0.8 Throwing
 + Level 6.8 Armour
 + Level 7.1 Dodging
 + Level 7.6 Spellcasting
 + Level 8.5 Translocations
 * Level 5.8 Invocations


You had 14 spell levels left.
You knew the following spells:

 Your Spells              Type           Power      Damage    Failure   Level
a - Blink                 Tloc           100%       N/A       1%          2
b - Manifold Assault      Tloc           85%        N/A       13%         4
c - Vhi's Electric Charg  Tloc/Air       100%       N/A       22%         3

Your spell library contained the following spells:

 Spells                   Type           Power      Damage    Failure   Level
 Lesser Beckoning         Tloc           100%       N/A       1%          2
 Teleport Other           Tloc           85%        N/A       3%          3
 Malign Gateway           Summ/Tloc      30%        N/A       100%        7
 Summon Horrible Things   Summ           10%        N/A       100%        8


Dungeon Overview and Level Annotations

Branches:
Dungeon (1/1)

Altars:
Ashenzari
Cheibriados
Dithmenos
Elyvilon
Fedhas
Gozag
Hepliaklqana
Kikubaaqudgha
Makhleb
Nemelex Xobeh
Okawaru
Qazlal
Ru
Sif Muna
Trog
Uskayaw
Vehumet
Wu Jian
Xom
Yredelemnul
Zin
The Shining One
Jiyva
Lugonu

Annotations:
D 1 transporter


Innate Abilities, Weirdness & Mutations

Your serpentine skin is tough. (AC +3)
You have supernaturally acute eyesight. (SInv)
Armour fits poorly on your strangely shaped body.
Your system is resistant to poisons. (rPois)
You cover ground very slowly.
You can spit poison.
You have a snake-like lower body.


Message History

The komodo dragon bites you but does no damage.
The river rat bites you.
The basilisk bites you but does no damage.
The basilisk gazes at you.
The cane toad stings you but does no damage.
The komodo dragon bites you but does no damage.
The basilisk gazes at you. The basilisk bites you.
The river rat bites you but does no damage.
The cane toad stings you but does no damage.
The komodo dragon bites you but does no damage.
The basilisk gazes at you.
You easily resist.
The river rat bites you but does no damage.
The basilisk bites you! The cane toad stings you. The komodo dragon bites you!
The cane toad stings you!
* * * LOW HITPOINT WARNING * * *
The river rat bites you.
* * * LOW HITPOINT WARNING * * *
The basilisk bites you.
* * * LOW HITPOINT WARNING * * *
The basilisk gazes at you.
The komodo dragon bites you but does no damage.
The cane toad stings you but does no damage.
The basilisk bites you but does no damage. x2
The river rat bites you but does no damage.
The cane toad stings you!
* * * LOW HITPOINT WARNING * * *
The komodo dragon bites you but does no damage.
The river rat bites you but does no damage.
The basilisk bites you but does no damage. x2
The cane toad stings you!!
* * * LOW HITPOINT WARNING * * *
The komodo dragon bites you!
* * * LOW HITPOINT WARNING * * *
The basilisk bites you but does no damage.
The river rat bites you but does no damage.
The basilisk gazes at you. The cane toad stings you!
You die...

▓▓▓▓▓▓▓▓▓
▓..8©8..▓
▓..[))..▓
▓../![..▓
▓.......▓
▓.......▓
▓.......▓
▓...llr.▓
▓...F@..▓
▓...l...▓
▓▓▓▓▓▓▓▓▓


You could see a komodo dragon, a cane toad, 2 basilisks and a river rat.

Vanquished Creatures
  A cane toad (D)
  2 komodo dragons (D)
  3 slime creatures (D)
  A basilisk (D)
  A golden eye (D)
  A floating eye (D)
  2 bullfrogs (D)
  A jelly (D)
  3 orc priests (D)
  5 orc wizards (D)
  3 orcs (D)
  An endoplasm (D)
  A jackal (D)
25 creatures vanquished.

Notes
Turn   | Place    | Note
-------+----------+-------------------------------------------
     0 | D        | Groucho the Naga Warper began the quest for the Orb.
     0 | D        | Reached XP level 1. HP: 19/19 MP: 3/3
     0 | D        | Found a blossoming altar of Fedhas.
     0 | D        | Found the +6 Majin-Bo {spellvamp, MP+6 Int+6}
     0 | D        | Found the +27 heavy crossbow "Sniper" {heavy, Acc+∞ SInv}
     0 | D        | Found the +10 dark maul {heavy}
     0 | D        | Found the +15 Maxwell's patent armour {-Cast -Tele rElec
                  | Will+ rCorr}
     0 | D        | Found the +18 shield of the Gong {Loud rN+ Will+ rCorr
                  | EV-5}
     0 | D        | Found the +16 obsidian axe {drain, demonic, Mesm Drain Fly
                  | SInv}
     0 | D        | Found the +7 great mace "Firestarter" {flame, immolate,
                  | rFlCloud rF++}
     0 | D        | Found the +6 shillelagh "Devastator" {shatter}
     0 | D        | Found the +11 plutonium sword {Contam Stlth-}
     0 | D        | Found the +8 lance "Wyrmbane" {slay drac, rPois rF+ rC+
                  | AC+3}
     0 | D        | Found the +9 sword of Zonguldrok {reap}
     0 | D        | Found the +13 scythe of Curses {drain, curses, Drain}
     0 | D        | Found the +9 sword of Power {lifebolt}
     0 | D        | Found the +7 mace of Variability {chaos, chaos arc}
     0 | D        | Found the +11 Singing Sword {sonic wave}
     0 | D        | Found the +8 storm bow {elec, penet}
     1 | D        | Found a transporter.
     1 | D        | Found a viscous altar of Jiyva.
     1 | D        | Found an ancient bone altar of Kikubaaqudgha.
     1 | D        | Found a hazy altar of Hepliaklqana.
     1 | D        | Found a corrupted altar of Lugonu.
     1 | D        | Found an opulent altar of Gozag.
     1 | D        | Found a burning altar of Makhleb.
     7 | D        | Found an iron altar of Okawaru.
     7 | D        | Found a sparkling altar of Nemelex Xobeh.
     7 | D        | Found a stormy altar of Qazlal.
     7 | D        | Found a sacrificial altar of Ru.
     7 | D        | Found a shimmering blue altar of Sif Muna.
    20 | D        | Found a bloodstained altar of Trog.
    62 | D        | Became a worshipper of Cheibriados the Contemplative
    95 | D        | Entered arena 2.
    95 | D        | Found a transporter.
    99 | D        | Reached * piety under Cheibriados
   100 | D        | Reached skill level 1 in Armour
   223 | D        | Entered arena 3.
   223 | D        | Noticed a golden eye
   223 | D        | Noticed a slime creature
   223 | D        | Found a transporter.
   230 | D        | Killed a slime creature
   231 | D        | Reached skill level 5 in Translocations
   231 | D        | Reached XP level 2. HP: 13/31 MP: 3/7
   231 | D        | Reached XP level 3. HP: 16/37 MP: 3/9
   231 | D        | Reached XP level 4. HP: 19/45 MP: 3/10
   231 | D        | Reached XP level 5. HP: 22/51 MP: 3/11
   233 | D        | Killed a golden eye
   233 | D        | Reached ** piety under Cheibriados
   234 | D        | Reached skill level 5 in Fighting
   234 | D        | Reached skill level 5 in Maces & Flails
   234 | D        | Reached skill level 5 in Spellcasting
   234 | D        | Reached XP level 6. HP: 28/62 MP: 3/13
   474 | D        | Entered arena 4.
   474 | D        | Found the amulet of Vitality {RegenMP++ Regen++}
   474 | D        | Found the +2 Maxwell's thermic engine {flame, freeze, rev}
   474 | D        | Found a transporter.
   481 | D        | Reached *** piety under Cheibriados
   482 | D        | Reached skill level 5 in Dodging
   654 | D        | Entered arena 5.
   654 | D        | Noticed a slime creature
   654 | D        | Noticed a floating eye
   654 | D        | Noticed a slime creature
   654 | D        | Found a transporter.
   658 | D        | Killed a slime creature
   658 | D        | Reached **** piety under Cheibriados
   658 | D        | Killed a floating eye
   659 | D        | Reached skill level 5 in Armour
   659 | D        | Reached XP level 7. HP: 61/70 MP: 14/16
   659 | D        | Killed a slime creature
   659 | D        | Reached ***** piety under Cheibriados
   660 | D        | Reached XP level 8. HP: 72/80 MP: 15/18
   934 | D        | Learned a level 2 spell: Blink
   939 | D        | Learned a level 4 spell: Manifold Assault
   943 | D        | Learned a level 3 spell: Vhi's Electric Charge
   946 | D        | Entered arena 6.
   946 | D        | Found the +8 orange crystal plate armour {Archmagi, Int+3
                  | Clar}
   946 | D        | Found a transporter.
  1165 | D        | Entered arena 7.
  1165 | D        | Found the +12 pair of quick blades "Gyre" and "Gimble"
                  | {protect}
  1165 | D        | Noticed a komodo dragon
  1165 | D        | Noticed a komodo dragon
  1165 | D        | Noticed a cane toad
  1172 | D        | Reached skill level 1 in Invocations
  1175 | D        | Killed a komodo dragon
  1175 | D        | Killed a cane toad
  1175 | D        | Reached ****** piety under Cheibriados
  1177 | D        | Killed a komodo dragon
  1178 | D        | Reached skill level 5 in Invocations
  1178 | D        | Reached XP level 9. HP: 45/88 MP: 20/20
  1401 | D        | Found a transporter.
  1409 | D        | Got the ring "Mifeg" {rC+ Will+}
  1419 | D        | Entered arena 8.
  1419 | D        | Found the +3 crown of Dyrovepreva {rElec Int+2 SInv}
  1419 | D        | Noticed a cane toad
  1419 | D        | Noticed a komodo dragon
  1420 | D        | Found a transporter.
  1438 | D        | HP: 3/90 [komodo dragon (5)]
  1438 | D        | Slain by a cane toad

Illustrated notes

Levels and vault maps discovered:
D:        sprint_v [room_start, room_1, room_2, room_3, room_4, room_5, room_6,
          room_7, room_8, room_9, room_10, room_11, room_12, room_13, room_14,
          room_15, room_16, room_17, room_18, room_19, room_20, room_21,
          room_22, room_23, room_24, room_25, room_26, room_27]

Skill      XL: |  1  2  3  4  5  6  7  8 |
---------------+-------------------------+-----
Armour         | 3 4 5 6 |  6.8
Fighting       | 4 5 6 7 8 |  8.4
Maces & Flails | 4 5 6 7 8 |  8.3
Dodging        | 3 4 5 6 7 |  7.1
Spellcasting   | 4 5 6 7 |  7.6
Translocations | 5 6 7 8 |  8.5
Invocations    | 5 |  5.8
Throwing       | |  0.8

Action                     |  1- 3 |  4- 6 |  7- 9 || total
---------------------------+-------+-------+-------++-------
  Melee: Great mace        |     7 |     7 |    20 ||    34
 Invoke: Bend Time         |       |       |     1 ||     1
    Use: Potion            |       |       |     1 ||     1
 Armour: Gold dragon scale |     6 |     6 |    32 ||    44
         Crystal plate arm |       |       |    70 ||    70
  Dodge: Dodged            |       |     1 |    28 ||    29
